 Dungeon Crawl Stone Soup version 0.20.0-10-g0535bb4 (webtiles) character file.

419 tryptr the Skirmisher (level 6, -5/40 HPs)
             Began as a Gargoyle Berserker on June 4, 2017.
             Was a Priest of Trog.
             Slain by an ogre
             ... wielding a +0 giant club
              (15 damage)
             ... on level 6 of the Dungeon.
             The game lasted 00:07:48 (3967 turns).

tryptr the Skirmisher (Gargoyle Berserker)          Turns: 3967, Time: 00:07:48

Health: -5/40      AC: 18    Str: 23    XL:     6   Next: 93%
Magic:  6/6        EV:  7    Int:  7    God:    Trog [***...]
Gold:   170        SH:  0    Dex:  9    Spells: 5/5 levels left

rFire    . . .     SeeInvis .   a - +0 hand axe
rCold    . . .     Gourm    .   (no shield)
rNeg     + . .     Faith    .   o - +0 plate armour
rPois    ∞         Spirit   .   d - +1 helmet
rElec    +         Reflect  .   (no cloak)
rCorr    .         Harm     .   (no gloves)
MR       ++...                  (no boots)
Stlth    ..........             (no amulet)
Regen    1.2/turn               (no ring)
MPRegen  0.1/turn               (no ring)

@: berserk cooldown, regenerating, slowed, very slow
A: negative energy resistance 1, electricity resistance, unbreathing,
petrification resistance, rot immunity, AC +4
a: Berserk, Trog's Hand, Burn Spellbooks, Renounce Religion


You were on level 6 of the Dungeon.
You worshipped Trog.
Trog was most pleased with you.
You were very hungry.

You visited 1 branch of the dungeon, and saw 6 of its levels.

You collected 170 gold pieces.

Inventory:

Hand Weapons
 a - a +0 hand axe (weapon)
Armour
 d - a +1 helmet (worn)
   (You took it off Robin on level 2 of the Dungeon)
 o - a +0 plate armour (worn)
   (You found it on level 4 of the Dungeon)
Wands
 b - a wand of clouds (1/9)
   (You took it off Ijyb on level 4 of the Dungeon)
Scrolls
 e - 3 scrolls of remove curse {unknown}
 f - a scroll of fog {unknown}
 i - a scroll of random uselessness {unknown}
 n - a scroll of identify {unknown}
 q - 2 scrolls of immolation {unknown}
Potions
 g - a potion of might {unknown}
 j - a potion of resistance {unknown}
 k - 3 potions of magic {unknown}
 l - a potion of invisibility {unknown}
 p - 2 potions of mutation {unknown}
Comestibles
 c - 3 bread rations {@e1}
 h - 3 fruits
 m - a meat ration {@e2}


   Skills:
 * Level 5.2 Fighting
 * Level 4.7 Axes
 + Level 3.5 Armour
 + Level 2.7 Dodging


You had 5 spell levels left.
You didn't know any spells.

Dungeon Overview and Level Annotations

Branches:
Dungeon (6/15)
 Temple: D:4-7

Altars:
Hepliaklqana
Kikubaaqudgha
Ru
Xom
Zin


Innate Abilities, Weirdness & Mutations

You are resistant to torment.
Your stone body is resilient. (AC +4)
You are immune to poison.
You resist negative energy. (rN+)
You are resistant to electric shocks. (rElec)
You can survive without breathing.
You are immune to petrification.
You are immune to rotting.


Message History

Health restored: 40 Eating a chunk of flesh {@w0}.
You eat the chunk of flesh {@w0}.
Found a stone staircase leading up.
i - a scroll labeled YSEOGA TECYOTH
p - a bubbling puce potion
q - 2 scrolls labeled GIS BEOTEM
Found an escape hatch in the ceiling.
You see here a hunting sling.
Found an escape hatch in the floor.
p - 2 bubbling puce potions (gained 1) Eustachio the Magnificent comes into view.
He is wielding a rapier.
A red film seems to cover your vision as you go berserk!
You feel yourself moving faster!
You feel mighty!
You are feeling hungry.
You now have 60/60 hp.
You closely miss Eustachio. You hit Eustachio. Eustachio barely misses you.
You barely miss Eustachio. Eustachio hits you with a rapier.
You take 3 damage, and have 57/60 hp.
You slash Eustachio! Eustachio closely misses you.
Your plate armour prevents you from hitting Eustachio.
You closely miss Eustachio.
Eustachio mumbles some strange words.
Eustachio blinks!
You feel a strong urge to attack something.
You closely miss Eustachio. Eustachio hits you but does no damage.
You miss Eustachio. Eustachio barely misses you.
You slash Eustachio! You slash Eustachio!
Eustachio casts a spell.
You hit Eustachio. Eustachio hits you but does no damage.
You hit Eustachio.
You kill Eustachio!
Trog accepts your kill.
Trog appreciates your killing of a magic user.
The river rat disappears in a puff of smoke!
Your Fighting skill increases to level 5!
A leopard gecko comes into view.
You are no longer berserk.
You are exhausted.
You feel yourself slow down.
The leopard gecko hisses angrily.
Things that are here:
a rapier; a leather armour; the human corpse of Eustachio You now have 40/40 hp.
A leopard gecko is nearby!
A leopard gecko is nearby!
An ogre comes into view. It is wielding a giant club.
The ogre shouts!
You hit the leopard gecko. The leopard gecko bites you.
The leopard gecko bites you but does no damage.
You take 2 damage, and have 38/40 hp.
You closely miss the leopard gecko.
The leopard gecko bites you but does no damage.
The leopard gecko closely misses you.
Your plate armour prevents you from hitting the leopard gecko.
The leopard gecko barely misses you. x2; The ogre barely misses you.
You closely miss the leopard gecko. You hit the ogre but do no damage.
The leopard gecko bites you but does no damage. x2
The ogre hits you with a giant club.
You take 5 damage, and have 34/40 hp.
The leopard gecko bites you but does no damage.
The leopard gecko barely misses you. The ogre hits you but does no damage.
Things that are here:
a rapier; a leather armour; the human corpse of Eustachio The leopard gecko bites you but does no damage.
The leopard gecko bites you but does no damage.
The ogre hits you but does no damage.
The leopard gecko bites you but does no damage.
The ogre hits you with a giant club!
You take 12 damage, and have 23/40 hp.
MASSIVE DAMAGE!!
The leopard gecko bites you but does no damage. x2
The leopard gecko bites you but does no damage.
Found a stone staircase leading up.
There is an escape hatch in the floor here.
You can't go up here!
The ogre hits you with a giant club.
The leopard gecko bites you but does no damage.
The leopard gecko hisses menacingly.
The leopard gecko bites you but does no damage.
The ogre hits you with a giant club!
* * * LOW HITPOINT WARNING * * *
You slide downwards.
The hatch slams shut behind you.
You hear the hiss of flowing sand.
There is an entrance to an ossuary on this level.
Hurry and find it before the portal is buried!
A centaur zombie comes into view.
Found a scroll labeled GELUMO TIERA.
Found a stone staircase leading down.
You take 15 damage, and have 8/40 hp.
MASSIVE DAMAGE!!
You fail to use your ability.
The leopard gecko completely misses you.
The ogre barely misses you.
Your skin crawls.
You feel resistant to hostile enchantments.
You are feeling very hungry.
You can no longer call in reinforcements.
The leopard gecko bites you but does no damage.
The leopard gecko barely misses you. The ogre hits you with a giant club!
You die...

# ........#
##.#.......
...#......#
#.........# #
..........##.##
..............#
....>.Ol......#
#@......#
#.Z.......#
##..####.##
#..# ...# .....
..?.. ......


You could see an ogre, a centaur zombie and a leopard gecko.

Vanquished Creatures
  Eustachio (D:5)
  An iguana (D:4)
  Ijyb (D:4)
  Robin (D:2)
  4 gnolls (D:2)
  5 adders
  3 oozes (D:1)
  A worm (D:3)
  2 leopard geckos
  11 orcs
  3 ball pythons
  12 bats
  2 bat zombies (D:2)
  3 giant cockroaches
  15 goblins
  6 hobgoblins
  13 jackals
  4 frilled lizards
  8 kobolds
  A quokka skeleton (D:4)
  7 rats
  A rat zombie (D:2)
105 creatures vanquished.

Notes
Turn   | Place    | Note
-------+----------+-------------------------------------------
     0 | D:1      | tryptr the Gargoyle Berserker began the quest for the Orb.
     0 | D:1      | Reached XP level 1. HP: 14/14 MP: 1/1
   291 | D:1      | Reached XP level 2. HP: 17/19 MP: 2/2
   732 | D:1      | Reached skill level 3 in Axes
   846 | D:1      | Reached XP level 3. HP: 14/23 MP: 3/3
  1282 | D:2      | Reached ** piety under Trog
  1295 | D:2      | Reached XP level 4. HP: 29/29 MP: 4/4
  1296 | D:2      | Found an ancient bone altar of Kikubaaqudgha.
  1394 | D:2      | Reached skill level 4 in Fighting
  1572 | D:2      | Noticed Robin
  1592 | D:2      | Killed Robin
  1592 | D:2      | Reached skill level 2 in Dodging
  1594 | D:2      | HP: 10/43 [gnoll/spear (8)]
  1595 | D:2      | Reached XP level 5. HP: 11/34 MP: 5/5
  1852 | D:2      | Reached skill level 4 in Axes
  1888 | D:2      | Reached *** piety under Trog
  2381 | D:3      | Reached skill level 3 in Armour
  3189 | D:3      | Found a glowing silver altar of Zin.
  3190 | D:3      | Found a sacrificial altar of Ru.
  3468 | D:4      | Noticed Ijyb
  3475 | D:4      | Killed Ijyb
  3475 | D:4      | Reached **** piety under Trog
  3475 | D:4      | Reached XP level 6. HP: 39/39 MP: 6/6
  3562 | D:4      | Found a hazy altar of Hepliaklqana.
  3563 | D:4      | Found a shimmering altar of Xom.
  3564 | D:4      | Noticed a spectral ugly thing
  3809 | D:5      | Entered Level 5 of the Dungeon
  3932 | D:5      | Noticed Eustachio
  3949 | D:5      | Killed Eustachio
  3949 | D:5      | Reached skill level 5 in Fighting
  3964 | D:5      | HP: 8/40 [ogre/giant club (10)]
  3967 | D:6      | Slain by an ogre

Skill      XL: |  1  2  3  4  5  6 |
---------------+-------------------+-----
Axes           | 3 4 |  4.7
Fighting       | 4 5 |  5.2
Dodging        | 2 |  2.7
Armour         | 3 |  3.5

Action                   |  1- 3 |  4- 6 || total
-------------------------+-------+-------++-------
Melee: Hand axe          |   120 |   215 ||   335
Invok: Berserk           |       |     5 ||     5
       Trog's Hand       |       |     1 ||     1
  Eat: Chunk             |     1 |    13 ||    14
Armor: Animal skin       |    39 |    57 ||    96
       Ring mail         |       |    29 ||    29
       Plate armour      |       |    36 ||    36
Dodge: Dodged            |    77 |   152 ||   229

Vault maps used:
D:1:      minmay_arrival_cross
D:2:      lemuel_zombie_altar_kikubaaqudgha, uniq_robin
D:3:      gammafunk_temple_overflow_wave, serial_corexii_hall,
          corexii_hall_statues_x, corexii_hall_statues_t, first_bread,
          hangedman_decor_growths
D:4:      regret_index_temple_of_mockery, uniq_ijyb
D:5:      minmay_temple_entry_from_below_a, uniq_eustachio, uniq_blork_the_orc,
          uniq_menkaure, uniq_edmund
D:6:      serial_shops, shop, nicolae_shop_crystal, nicolae_shop_trees,
          enter_ossuary_3, nicolae_ru_great_annihilating_truth

Table legend:
 A = Turns spent in this place as a percentage of turns spent in the entire game.
 B = Non-inter-level travel turns spent in this place as a percentage of non-inter-level travel turns spent in the entire game.
 C = Inter-level travel turns spent in this place as a percentage of turns spent in this place.
 D = Turns resting spent in this place as a percentage of non-inter-level travel turns spent in this place.
 E = Turns spent auto-exploring this place as a percentage of non-inter-level travel turns spent in this place.
 F = Non-inter-level travel turns spent in this place divided by the number of levels of this place that you've seen.
                   A       B       C       D       E      F
               +-------+-------+-------+-------+-------+----------------------
         Total | 100.0 | 100.0 |   0.7 |   5.0 |  11.7 | 149.5
       Dungeon | 100.0 | 100.0 |   0.7 |   5.0 |  11.7 | 149.5
               +-------+-------+-------+-------+-------+----------------------

Table legend:
 A = Kills in this place as a percentage of kills in entire the game.
 B = Kills by you in this place as a percentage of kills by you in the entire game.
 C = Kills by friends in this place as a percentage of kills by friends in the entire game.
 D = Other kills in this place as a percentage of other kills in the entire game.
 E = Experience gained in this place as a percentage of experience gained in the entire game.
 F = Experience gained in this place divided by the number of levels of this place that you have seen.
                   A       B       C       D       E      F
               +-------+-------+-------+-------+-------+----------------------
         Total | 100.0 | 100.0 |  -nan |  -nan | 100.0 |  99.8
       Dungeon | 100.0 | 100.0 |  -nan |  -nan | 100.0 |  99.8
               +-------+-------+-------+-------+-------+----------------------
